Cogmind - Beta 14 @@@ ROGUE MODE // 2024.10.07 @ 13:32:50 Player: Deo Result: Destroyed by G-34 Mercenary with Small Laser Performance ------------- Evolutions (0) 0 Regions Visited (1) 200 Robots Destroyed (8) 40 Value Destroyed (166) 166 Prototype IDs (0) 0 Alien Tech Used (0) 0 Bonus (0) 0 TOTAL SCORE: 406 Bonus ------- None Cogmind --------- Core Integrity 0/250 Matter 290/300 Energy 99/100 System Corruption 1% Temperature Cool (16) Movement Rolling (95) Ox1 Location -10/Materials Parts ------- > --- POWER (1) -------- Backup Power I > --- PROPULSION (2) --- Wheel Wheel > --- UTILITY (2) ------ Large Storage Unit Targeting Computer > --- WEAPON (2) ------- Particle Gun Mining Claw > --- INVENTORY (15) --- Field Recycling Unit (0) Field Recycling Unit (0) Field Recycling Unit (0) Field Recycling Unit (0) Particle Gun Assault Rifle Welding Torch Peak State ------------ > --- POWER ------------ Light Nuclear Core > --- PROPULSION ------- Wheel Wheel > --- UTILITY ---------- Large Storage Unit Targeting Computer > --- WEAPON ----------- EM Pulse Gun Particle Gun > --- INVENTORY -------- Core Shielding Power Shielding Trap Extractor Trap Extractor Trap Extractor Trap Extractor Field Recycling Unit Field Recycling Unit Field Recycling Unit Field Recycling Unit Assault Rifle Mining Claw Mining Claw [Rating: 12] Favorites ----------- Power Light Nuclear Core Engine Light Ion Engine Power Core Light Nuclear Core Propulsion Wheel Wheel Wheel Utility Targeting Computer Storage Large Storage Unit Processor Targeting Computer Protection Core Shielding Weapon Particle Gun Energy Gun Particle Gun Ballistic Gun Assault Rifle Launcher Grenade Launcher Slashing Weapon Mining Claw Build | -11 -10 ------- Run | Yrd Mat Slots Evolved . | . . Power . | . . Propulsion . | . . Utility . | . . Weapon . | . . Parts Attached 19 | 5 14 Power 2 | 1 1 Engine 1 | 1 . Core 1 | . 1 Reactor . | . . Propulsion 2 | 2 . Treads . | . . Leg . | . . Wheel 2 | 2 . Hover . | . . Flight . | . . Utility 5 | . 5 Device . | . . Storage 1 | . 1 Processor 1 | . 1 Hackware . | . . Protection 3 | . 3 Artifact . | . . Weapon 10 | 2 8 Energy Gun 5 | 1 4 Energy Cannon . | . . Ballistic Gun 1 | 1 . Ballistic Cannon . | . . Launcher 1 | . 1 Special Weapon . | . . Impact Weapon . | . . Slashing Weapon 3 | . 3 Piercing Weapon . | . . Special Melee Weapon . | . . Unidentified Prototypes . | . . Parts Lost 1 | . 1 Power . | . . Propulsion . | . . Utility . | . . Weapon 1 | . 1 Highest Loss Streak 1 | . 1 To Critical Strikes . | . . Average Slot Usage (%) 94 | . 94 Engine 5 | . 5 Core 8 | . 8 Wheel 28 | . 28 Storage 7 | . 7 Processor 10 | . 10 Protection 5 | . 5 Energy Gun 21 | . 21 Ballistic Gun 1 | . 1 Launcher 2 | . 2 Slashing Weapon 1 | . 1 Peak Build Rating 12 | 5 12 Average Rating 8 | 3 9 On Entrance 2 | . 5 Naked Turns . | . . Heaviest Build 31 | 7 31 Greatest Support 20 | 20 20 Greatest Overweight (x) 1 | . 1 Average Overweight (x) . | . . Largest Inventory Capacity 15 | 5 15 Average Capacity 9 | 5 10 Most Carried 13 | 2 13 Average Carried 4 | . 5 Final Capacity 15 | 5 15 Final Carried 7 | . 7 Class Distribution -------------------- 100% | Mutant Dominant Class ---------------- Mutant | -10/Materials Resources | -11 -10 ----------- Run | Yrd Mat Matter Collected 407 | 256 151 Remotely . | . . Salvage Created 245 | 48 197 Parts 11 | 1 10 Haulers Intercepted 1 | . 1 Recyclers Shooed 1 | . 1 Parts Field Recycled . | . . Retrieved Matter . | . . Parts Self-Destructed . | . . Prevented . | . . Kills | -11 -10 ------- Run | Yrd Mat Combat Hostiles Destroyed 3 | 1 2 Guns 2 | . 2 AOE 1 | 1 . Classes Destroyed 4 | 1 3 Worker 3 | . 3 Hauler 1 | . 1 Watcher 1 | . 1 Grunt 3 | 1 2 Best Kill Streak 3 | 1 3 Combat Bots Only 1 | 1 1 Max Kills in Single Turn 2 | 1 2 Gunslinging . | . . Exploded 1 | 1 . Melee . | . . Uniques/NPCs Destroyed . | . . Combat | -11 -10 -------- Run | Yrd Mat Hostile Shots Fired 27 | 2 25 Missed 11 | . 11 Damage Taken 477 | 20 457 Core 250 | . 250 Absorbed by Shields . | . . Redirected to Shielding 42 | . 42 Regen/Repaired (Parts) 17 | . 17 Core Remaining (%) 100 | 100 . Volleys Fired 25 | 2 23 Largest 2 | 2 2 Hottest 130 | 60 130 Shots Fired 36 | 4 32 Gun 34 | 4 30 Cannon . | . . Launcher 2 | . 2 Special . | . . Kinetic 4 | 2 2 Thermal 21 | . 21 Explosive 2 | . 2 Electromagnetic 9 | 2 7 Robot Hit Streak 5 | 4 5 Robot Miss Streak 3 | . 3 Penetration Max . | . . Secondary Targets 1 | . 1 Max Gunslinging Chain 1 | . 1 Shots Hit Robots 20 | 4 16 Core Hits 13 | 1 12 Critical Kills . | . . Critical Parts Destroyed . | . . Critical Strikes . | . . Melee Attacks . | . . Impact . | . . Slashing . | . . Piercing . | . . Sneak Attacks . | . . Combat Hostiles . | . . Follow-up Attacks . | . . Damage Inflicted 450 | 76 374 Guns 288 | 42 246 Cannons . | . . Explosions 145 | 34 111 Melee . | . . Ramming 17 | . 17 Kinetic 14 | 14 . Thermal 243 | 34 209 Explosive 111 | . 111 Electromagnetic 65 | 28 37 Impact . | . . Slashing . | . . Piercing . | . . Highest Corruption 1 | . 1 Average Corruption 1 | . 1 Corruption Purged . | . . Corruption Blocked . | . . Effects 4 | . 4 Message Errors 1 | . 1 Energy Discharges 2 | . 2 Data Loss (minor) 1 | . 1 Overload Shots . | . . Overflow Damage 1 | . 1 Projectiles . | . . Explosions 1 | . 1 Melee . | . . Knockbacks . | . . Impact . | . . Kinetic . | . . Secondary . | . . Self-Inflicted Damage 224 | . 224 Shots 3 | . 3 Rammed 2 | 1 1 Targets Rammed 2 | 1 1 Kicked . | . . Crushed . | . . Highest Temperature 242 | 26 242 Average Temperature 72 | 16 76 Received Heat Transfer 111 | 12 99 Siege Activations . | . . Robots Corrupted . | . . Combat Hostiles . | . . Parts Fried . | . . Impact Corruptions . | . . Robots Melted . | . . Combat Hostiles . | . . Parts Melted 1 | . 1 Heat Transferred 531 | 50 481 Parts Sabotaged . | . . Parts Stolen . | . . Parts Stripped . | . . Power Chain Reactions 1 | 1 . Alert | -11 -10 ------- Run | Yrd Mat Peak Influence 163 | 20 163 Initial 13 | . 13 Average 67 | 3 73 Maximum Alert Level . | . . Low Security (%) 100 | 100 100 Level 1 . | . . Level 2 . | . . Level 3 . | . . Level 4 . | . . Level 5 . | . . High Security . | . . Max Security . | . . Squads Dispatched 3 | . 3 Investigation 2 | . 2 Extermination . | . . Reinforcement 1 | . 1 Assault . | . . Garrison . | . . Intercept . | . . Searches Triggered . | . . Construction Impeded . | . . Haulers Reinforced . | . . Active Scanning Responses . | . . Cargo Convoy Interrupts . | . . Stealth | -11 -10 --------- Run | Yrd Mat Distress Signals 3 | . 3 Communications Jammed . | . . Distress Signals . | . . Times Spotted 16 | 1 15 Peak Tracking Total 3 | 1 3 Tactical Retreats 6 | . 6 Traps | -11 -10 ------- Run | Yrd Mat Traps Triggered 1 | . 1 Indirectly . | . . Trap Hack Attempts . | . . Triggered . | . . Disarmed . | . . Reprogrammed . | . . Reused . | . . Traps Extracted . | . . Installed . | . . Triggered . | . . Machines | -11 -10 ---------- Run | Yrd Mat Machines Disabled 3 | . 3 Max in Single Turn 2 | . 2 Machines Repaired . | . . Machines Dismantled . | . . Machines Sabotaged . | . . Overloaded Fab Kills . | . . Hacking | -11 -10 --------- Run | Yrd Mat Machines Accessed 3 | . 3 Terminals 2 | . 2 Fabricators . | . . Repair Stations 1 | . 1 Recycling Units . | . . Scanalyzers . | . . Garrison Access . | . . Total Hacks 11 | . 11 Successful 6 | . 6 Failed 5 | . 5 Catastrophic . | . . Database Lockouts . | . . Manual . | . . Terminals 6 | . 6 Fabricators . | . . Repair Stations 5 | . 5 Recycling Units . | . . Scanalyzers . | . . Garrison Access . | . . Terminal Hacks 3 | . 3 Record 2 | . 2 Alert Level 1 | . 1 Fabricator Hacks . | . . Repair Station Hacks 3 | . 3 Scan Component 1 | . 1 Repair 1 | . 1 Refit 1 | . 1 Recycling Unit Hacks . | . . Scanalyzer . | . . Garrison Access Hacks . | . . Unauthorized Hacks . | . . Terminals . | . . Fabricators . | . . Repair Stations . | . . Recycling Units . | . . Scanalyzers . | . . Garrison Access . | . . Data Cores Recovered . | . . Used . | . . Hacking Detections 3 | . 3 Full Trace Events 1 | . 1 Feedback Events . | . . Feedback Blocked . | . . Robot Schematics Acquired . | . . Robots Built . | . . Authchips . | . . Time . | . . Total Robot Build Rating . | . . Part Schematics Acquired . | . . Parts Built . | . . Authchips . | . . Time . | . . Total Part Build Rating . | . . Parts Repaired 1 | . 1 Time 38 | . 38 Parts Recycled . | . . Recycled Matter . | . . Retrieved Matter . | . . Retrieved Components . | . . Parts Scanalyzed . | . . Part Schematics Acquired . | . . Parts Damaged . | . . Bothacking | -11 -10 ------------ Run | Yrd Mat Used RIF Installer . | . . Robots Hacked . | . . Non-combat . | . . Combat . | . . Robot Hacks Applied . | . . Relay Couplers Released . | . . Fabnet Peak Effective % . | . . Robots Rewired . | . . Allies Hacked . | . . Hacks Repelled . | . . Allies | -11 -10 -------- Run | Yrd Mat Total Allies . | . . Largest Group . | . . Highest-Rated Group . | . . Highest-Rated Ally . | . . Total Orders . | . . Ally Attacks . | . . Total Damage . | . . Kills . | . . Allies Corrupted . | . . Allies Melted . | . . Intel | -11 -10 ------- Run | Yrd Mat Robot Analysis Total . | . . Derelict Logs Recovered . | . . Drone Launches . | . . Drone Recoveries . | . . Exploration | -11 -10 ------------- Run | Yrd Mat Turns Passed 965 | 71 894 Spaces Moved 843 | 77 766 Core 26 | 26 . Treads . | . . Legs . | . . Wheels 817 | 51 766 Hover . | . . Flight . | . . Fastest Speed 50 | 50 80 Average Speed 86 | 69 88 Slowest Speed 95 | 80 95 Overloaded Moves . | . . Propulsion Burnouts . | . . Robots Hopped . | . . Cave-ins Triggered . | . . Exploration Rate (%) 52 | 8 97 Regions Visited 1 Branch Regions . Pre-discovered Areas . | . . Known Exits Taken . | . . Unknown Exits Taken 1 | 1 . Scrap Searched . | . . Spaces Dug . | . . Terrain Destroyed 60 | . 60 Melee . | . . Projectile . | . . AOE 60 | . 60 Terrain Rammed . | . . Walls Destroyed . | . . Machines Disabled . | . . Actions | -11 -10 --------- Run | Yrd Mat Total 1049 | 89 960 Wait 112 | . 112 Move 842 | 76 766 Hop . | . . Pick Up 30 | 5 25 Fast Attach . | . . Attach 14 | 5 9 Detach 4 | . 4 Swap 5 | . 5 Drop 15 | . 15 Fire 25 | 2 23 Melee . | . . Ram 2 | 1 1 Kick . | . . Crush . | . . Escape Stasis . | . . Rewire . | . . Trap . | . . Miscellaneous . | . . Route ------- -11/Scrapyard -10/Materials (discovered 4 exits: [*Mat x3] / [*Min]) History --------- Turn | Location | Event 2 | -11/Scrapyard | Met Revision 17 53 | -11/Scrapyard | Discovered new exit (range 8) 72 | -11/Scrapyard | Entered Materials 311 | -10/Materials | Build established: Mutant 324 | -10/Materials | Core integrity fell below 50% 348 | -10/Materials | Discovered new exit (range 16) 536 | -10/Materials | Discovered new exit (range 5) 649 | -10/Materials | Discovered new exit (range 13) 746 | -10/Materials | Discovered new exit (range 16) 780 | -10/Materials | Core integrity fell below 20% 927 | -10/Materials | Repaired Lgt. Nuclear Core? 966 | -10/Materials | Destroyed by G-34 Mercenary with Small Laser Last Messages --------------- >>Scan(Lgt. Nuclear Core) Scanning Lgt. Nuclear Core... Ready to Repair: Lgt. Nuclear Core Rating: 3 Time: 38 >>Repair Repairing Lgt. Nuclear Core... ETC: 38 >>Refit Scanning configuration... Attaching: Backup Power I x1 00895_ Q%8 8W |Q=&JS5T0T>LYJNAMBQ& 00908_ Connecting with Terminal... 00908_ ALERT: Suspicious activity at Terminal M005. Dispatching Investigation squad. [Achievement: Part-time Mechanic] 00927_ >> REPAIR: Completed Lgt. Nuclear Core? 00940_ Recycling Unit disabled. Map ----- +----------------------------------------------------+ | " ######### % ###?# %[ #?? | | " # # ## ## ! = % ### | | # # ## # "T" ! % % | | " # ######################+######## %% ### | | " + T + # ] [ #######?? | | " # ### # """ #???????? | | " # # # # ]] """ #???????? | | # # # #= ]] """ #????#### | | ###### ### # # [ ] #???##! # | | # #?### #= "T" #???#! # | | """ # #####+#######+###################???# = | | """ + # #?????????#! | | """ # ##### ##### # #?????????#! | | # #####+##### ^ + #?????????##! | | # # # **]% # #??????????#### | | ! # # """ # *] # "Y #????????????## | | # # R" # *] # "" #????????????# | | = # # """ """ + ##########??????????# | | ###### # """ # ##"""""""#??????????# | | ?????# # """ ### ##" |"| "#??????????# | | ?????# # ### ## % "##+######### | | ?????# # ##T % % | | ?????# ############# <% % | | ?????# #???????????# | | ?????# #??????????##+####/## ############# | | ?????# ############ @ g ######### # | | ?????# # ## "" """ #???????# * # | | ?????# # ## "Y """ #???????# # | | ?????# # """ """ ## "" """ #???????# + | | ?????# # """ """ ## #???????# # | | ?????# + """ """ ## """ #???????# # | | ?????# # ##[k """ #???????# # | | ###### # ## """ ###############/##### | | # # ## # # #?? | | """" # ##################### ! # "" #?? | | """" # #???????????????????# + T #?? | | """" # #???????????????????# # #?? | | """" + #???????????????????# # #?? | | """" # #???????????????????# ## ##?? | | """" # #???????????????????# ]## #??? | | """" # #???????????????????############## #??? | | # #???????????????????????########## #??? | | ###### #???????????????????????# / # #??? | | ?????# #???????????????????????# # #??? | | ?????# #???????????????????????# !! # #### | | ?????# #???????????????????????# !!= # | | ?????# #???????????????????????# !! + | | ?????# #???????????????????????# # | | ?????# #???????????????????????# ####+### | | ?????# #???????????????????????# # | +----------------------------------------------------+ Best States ------------- Heat Dissipation 25 Energy Generation 14 Energy Capacity 160 Matter Stores 300 Matter Capacity 300 Sight Range 16 Terrain Scan Density 10 Core Shielding 20 Evasion (%) 50 Targeting Accuracy 5 Item Schematics ----------------- None Robot Schematics ------------------ None Fabricated ------------ Nothing Alien Tech Used ----------------- None Achievements -------------- Part-time Mechanic Challenges ------------ None Game ------ Seed ClaymoresTitaniumMinigun Manual? 0 Play Time 00:14:45 Cumulative 1.0 hours Start 2024.10.07 @ 13:19:53 End 2024.10.07 @ 13:32:50 Sessions 1 Manual Loads 0 Difficulty Rogue Special Mode None Game No. 3 Rogue 3 Adventurer 0 Explorer 0 Win Type - Total 0 Types 0/0/0/0/0/0/0/0/0 Lore% 0 Gallery% 3 Achievement% 3 Wizard Run 0 Options --------- Layout 1 ASCII 0 Keyboard 0 Movement Arrows Keybinds 0 Fullscreen 1 Font 24/X11 Map View 50x35 Zoom Use 0% Tactical HUD 1 Map Filters NONE Filters NONE Steam 1 RUN: 43800ad4-45b1-401f-83f2-fb9fa96c8ab5